 Dungeon Crawl Stone Soup version 0.22-a0-613-g65b8144 (console) character file.

40 HarryHood the Cudgeler (level 3, 0/31 HPs)
             Began as a Minotaur Berserker on Oct 6, 2018.
             Was a Believer of Trog.
             Succumbed to an adder's poison
             ... on level 2 of the Dungeon.
             The game lasted 00:05:20 (836 turns).

HarryHood the Cudgeler (Minotaur Berserker)          Turns: 836, Time: 00:05:21

Health: 0/31       AC:  2    Str: 21    XL:     3   Next: 30%
Magic:  2/2        EV: 12    Int:  6    God:    Trog [**....]
Gold:   31         SH:  0    Dex: 10    Spells: 2/2 levels left

rFire    . . .     SeeInvis .   a - +1 mace
rCold    . . .     Gourm    .   (no shield)
rNeg     . . .     Faith    .   b - +0 animal skin
rPois    .         Spirit   .   (helmet restricted)
rElec    .         Reflect  .   (no cloak)
rCorr    .         Harm     .   (no gloves)
MR       .....                  (no boots)
Stlth    +.........             (no amulet)
HPRegen  0.10/turn              h - +2 ring of intelligence
MPRegen  0.08/turn              (no ring)

@: lethally poisoned (0 -> -6)
A: retaliatory headbutt, horns 2
a: Berserk, Trog's Hand, Renounce Religion


You were on level 2 of the Dungeon.
You worshipped Trog.
Trog was pleased with you.
You were not hungry.

You visited 1 branch of the dungeon, and saw 2 of its levels.

You collected 31 gold pieces.

Inventory:

Hand Weapons
 a - a +1 mace (weapon)
Missiles
 f - 39 stones (quivered)
Armour
 b - a +0 animal skin (worn)
Jewellery
 h - a +2 ring of intelligence (left hand)
Potions
 g - a potion of flight {unknown}
Comestibles
 e - 3 rations {@e1}


   Skills:
 - Level 3.6 Fighting
 + Level 5.4 Maces & Flails
 - Level 2.4 Armour
 - Level 2.1 Dodging


You had 2 spell levels left.
You didn't know any spells.
Your spell library was empty.

Dungeon Overview and Level Annotations

Branches:
Dungeon (2/15)

Altars:


Innate Abilities, Weirdness & Mutations

You reflexively headbutt those who attack you in melee.
You have a pair of horns on your head.


Message History

The giant cockroach bites you but does no damage.
The kobold hits you.
* * * LOW HITPOINT WARNING * * *
You take 3 damage, and have 4/31 hp.
You closely miss the kobold.
You kill the kobold!
Trog accepts your kill. The giant cockroach bites you.
* * * LOW HITPOINT WARNING * * *
The giant cockroach bites you.
* * * LOW HITPOINT WARNING * * *
You take 2 damage, and have 2/31 hp.
* * * LOW HITPOINT WARNING * * *
You feel sick.
You see here 3 stones.
You take 1 damage, and have 1/31 hp.
You sock the giant cockroach!
You kill the giant cockroach!
Trog accepts your kill.
You die...

.......#... ##.........#
###.........#####
#......(>.......# ##
####.#.......#.......
.... ...#..............
#.#...##.#.......g.#....
...............†........
..######(....(.@.......
#.##...............###.
#.#....#......####.%#
#......<.....## .#
##....)......# ..
................. ..
.#########....### .
#....# .....#


You could see a goblin.

Vanquished Creatures
  An adder (D:2)
  A dart slug (D:1)
  A ball python (D:1)
  A giant cockroach (D:2)
  6 hobgoblins
  6 bats (D:1)
  3 frilled lizards
  5 goblins
  4 kobolds
  2 rats (D:1)
30 creatures vanquished.

Notes
Turn   | Place    | Note
-------+----------+-------------------------------------------
     0 | D:1      | HarryHood the Minotaur Berserker began the quest for the Orb.
     0 | D:1      | Reached XP level 1. HP: 19/19 MP: 0/0
    30 | D:1      | Reached skill level 4 in Maces & Flails
   130 | D:1      | Reached XP level 2. HP: 21/26 MP: 1/1
   439 | D:1      | Reached skill level 5 in Maces & Flails
   798 | D:2      | Reached ** piety under Trog
   831 | D:2      | Reached XP level 3. HP: 11/31 MP: 2/2
   834 | D:2      | HP: 3/31 [giant cockroach (1)]
   835 | D:2      | HP: 1/31 [poisoned by an adder]
   836 | D:2      | Succumbed to an adder's poison

Vault maps used:
D:1:      ebering_trefoil_twist, minmay_tripent

Skill      XL: |  1  2 |
---------------+-------+-----
Maces & Flails | 4 5 |  5.4
Fighting       | |  3.6
Armour         | |  2.4
Dodging        | |  2.1

Action                   || total
-------------------------++-------
Melee: Mace              ||    48
       Headbutt          ||     8
  Use: Scroll            ||     2
 Stab: Sleeping          ||     2
Armor: Animal skin       ||    17
Dodge: Dodged            ||    38

Table legend:
 A = Spawn XP
 B = Non-spawn XP
 C = Spawn XP percentage of total XP
 D = Spawn monster count
 E = Non-spawn monster count
 F = Spawn count percentage of total count
 G = Total turns spent on level
                    A         B        C        D         E        F      G
               +---------+---------+-------+---------+---------+-------+---------
         Total |       0 |      58 |   0.0 |       0 |      30 |   0.0 |   836
               +---------+---------+-------+---------+---------+-------+---------
           D:1 |       0 |      37 |   0.0 |       0 |      24 |   0.0 |   797
           D:2 |       0 |      21 |   0.0 |       0 |       6 |   0.0 |    39
               +---------+---------+-------+---------+---------+-------+---------
